General information
- name: BNet
- type: Ladder team game (AT/RT)
- host: Battle.net
- saver: brucewillisusa
map: DragonFalls
- players: 8
- length: 24:21
- speed: Fast
- version: 1.24 W3XP
- replay type: Public
» download(178 KB)
Players
team 1 (winner)

»
brucewillisusa (
blue | 61 APM | 1478 actions | 24:21)
8 Goblin Alchemist
3 Acid Bomb
3 Chemical Rage
1 Transmute
1 Healing Spray
» actions
| Assign group hotkey | 60 | |
| Basic commands | 38 | |
| Build / train | 70 | |
| ESC pressed | 6 | |
| Enter build submenu | 24 | |
| Enter hero's abilities submenu | 8 | |
| Give item / drop item | 3 | |
| Right click | 625 | |
| Select / deselect | 175 | |
| Select group hotkey | 387 | |
| Use ability | 82 | |
1478 total
» units
| Peasant | 17 | |
| Goblin Shredder | 1 | |
| Gryphon Rider | 14 | |
32 total
» upgrades
| Masonry | 1 | |
| Swords | 3 | |
| Armor | 3 | |
| Storm Hammers | 1 | |
| Animal War Training | 1 | |
9 total
» buildings
| Altar of Kings | 1 | |
| Farm | 13 | |
| Scout Tower | 7 | |
| Arcane Tower | 1 | |
| Lumber Mill | 1 | |
| Town Hall | 1 | |
| Keep | 1 | |
| Blacksmith | 1 | |
| Castle | 1 | |
| Guard Tower | 2 | |
| Gryphon Aviary | 4 | |
| Barracks | 1 | |
34 total
» build order
00:08 Altar of Kings
00:11 Farm
00:54 Scout Tower
01:05 Farm
01:24 Arcane Tower
01:46 Lumber Mill
02:36 Farm
03:56 Town Hall
04:00 Keep
04:16 Farm
06:01 Blacksmith
06:04 Scout Tower
06:05 Scout Tower
06:06 Scout Tower
06:06 Scout Tower
06:07 Scout Tower
06:08 Scout Tower
06:42 Castle
06:43 Guard Tower
06:50 Guard Tower
07:22 Gryphon Aviary
07:22 Gryphon Aviary
07:23 Gryphon Aviary
07:24 Gryphon Aviary
08:18 Barracks
08:35 Farm
08:37 Farm
08:38 Farm
08:39 Farm
08:43 Farm
08:45 Farm
12:06 Farm
12:07 Farm
12:07 Farm
» items
| Healing Salve | 4 | |
| Lesser Clarity Potion | 1 | |
| Scroll of Speed | 2 | |
| Boots of Speed | 1 | |
| Staff of Teleportation | 1 | |
| Scroll of Town Portal | 3 | |
| Orb of Lightning | 1 | |
| Staff of Sanctuary | 1 | |
14 total
Hand_of_Glory (
orange | 42 APM | 1032 actions | 24:20)
6 Archmage
3 Blizzard
2 Brilliance Aura
1 Mass Teleport
5 Blood Mage
3 Flame Strike
1 Siphon Mana
1 Banish
» actions
| Assign group hotkey | 25 | |
| Basic commands | 46 | |
| Build / train | 76 | |
| Enter build submenu | 21 | |
| Enter hero's abilities submenu | 12 | |
| Give item / drop item | 1 | |
| Remove unit from queue | 8 | |
| Right click | 372 | |
| Select / deselect | 275 | |
| Select group hotkey | 108 | |
| Use ability | 88 | |
1032 total
» units
| Peasant | 10 | |
| Footman | 7 | |
| Sorceress | 7 | |
| Spell Breaker | 4 | |
| Knight | 2 | |
| Mortar Team | 5 | |
35 total
» upgrades
| Defend | 1 | |
| Lumber Harvesting | 2 | |
| Swords | 1 | |
| Sorceress Training | 2 | |
| Plating | 1 | |
| Control Magic | 1 | |
| Animal War Training | 1 | |
| Priest Training | 1 | |
| Fragmentation Shards | 1 | |
| Flare | 1 | |
12 total
» buildings
| Altar of Kings | 1 | |
| Farm | 8 | |
| Barracks | 1 | |
| Arcane Vault | 1 | |
| Lumber Mill | 1 | |
| Keep | 1 | |
| Blacksmith | 1 | |
| Town Hall | 3 | |
| Castle | 1 | |
| Arcane Sanctum | 2 | |
| Workshop | 2 | |
22 total
» build order
00:08 Altar of Kings
00:16 Farm
00:26 Barracks
00:50 Farm
00:56 Farm
01:44 Farm
02:24 Farm
02:52 Arcane Vault
03:11 Lumber Mill
03:15 Keep
04:20 Blacksmith
06:43 Town Hall
06:51 Farm
06:52 Farm
06:53 Farm
07:22 Castle
08:18 Arcane Sanctum
08:21 Arcane Sanctum
09:30 Castle
14:40 Town Hall
15:24 Town Hall
17:12 Workshop
17:14 Workshop
» items
| Scroll of Regeneration | 2 | |
| Potion of Healing | 3 | |
| Scroll of Town Portal | 1 | |
6 total

»
toutou666_ (
green | 43 APM | 1054 actions | 24:20)
8 Shadow Hunter
3 Hex
3 Healing Wave
1 Big Bad Voodoo
1 Serpent Ward
» actions
| Assign group hotkey | 44 | |
| Basic commands | 41 | |
| Build / train | 81 | |
| Enter build submenu | 17 | |
| Enter hero's abilities submenu | 8 | |
| Remove unit from queue | 2 | |
| Right click | 289 | |
| Select / deselect | 299 | |
| Select group hotkey | 227 | |
| Use ability | 46 | |
1054 total
» units
| Peon | 12 | |
| Grunt | 8 | |
| Troll Headhunter/Berserker | 4 | |
| Shaman | 18 | |
| Tauren | 11 | |
53 total
» upgrades
| Shaman Training | 2 | |
| Berserker Strength | 1 | |
| Melee Weapons | 3 | |
| Pulverize | 1 | |
| Armor | 3 | |
10 total
» buildings
| Altar of Storms | 1 | |
| Orc Burrow | 8 | |
| Barracks | 1 | |
| Voodoo Lounge | 1 | |
| War Mill | 1 | |
| Stronghold | 1 | |
| Great Hall | 1 | |
| Watch Tower | 1 | |
| Fortress | 1 | |
| Spirit Lodge | 1 | |
| Tauren Totem | 2 | |
19 total
» build order
00:05 Altar of Storms
00:07 Orc Burrow
00:26 Barracks
01:48 Orc Burrow
02:56 Voodoo Lounge
03:41 Orc Burrow
04:15 War Mill
04:38 Orc Burrow
05:35 Stronghold
06:31 Great Hall
07:24 Orc Burrow
07:30 Watch Tower
08:25 Fortress
08:33 Spirit Lodge
10:48 Tauren Totem
10:50 Tauren Totem
13:46 Orc Burrow
19:28 Orc Burrow
20:30 Orc Burrow
» items
| Orb of Lightning | 1 | |
| Potion of Healing | 1 | |
| Lesser Clarity Potion | 2 | |
| Scroll of Town Portal | 1 | |
5 total

»
I_TK_WhenImPink (
teal | 53 APM | 1281 actions | 24:20)
8 Blademaster
3 Critical Strike
2 Wind Walk
2 Mirror Image
1 Bladestorm
» actions
| Assign group hotkey | 19 | |
| Basic commands | 133 | |
| Build / train | 56 | |
| Enter build submenu | 15 | |
| Enter hero's abilities submenu | 8 | |
| Give item / drop item | 1 | |
| Right click | 472 | |
| Select / deselect | 199 | |
| Select group hotkey | 336 | |
| Use ability | 42 | |
1281 total
» units
| Peon | 16 | |
| Grunt | 3 | |
| Troll Headhunter/Berserker | 3 | |
| Wind Rider | 13 | |
35 total
» upgrades
| Armor | 1 | |
| Ranged Weapons | 2 | |
| Envenomed Spears | 1 | |
4 total
» buildings
| Altar of Storms | 1 | |
| Orc Burrow | 5 | |
| Barracks | 1 | |
| War Mill | 1 | |
| Voodoo Lounge | 1 | |
| Watch Tower | 1 | |
| Stronghold | 1 | |
| Great Hall | 2 | |
| Beastiary | 2 | |
| Fortress | 1 | |
16 total
» build order
00:11 Altar of Storms
00:15 Orc Burrow
00:21 Barracks
01:48 Orc Burrow
02:32 War Mill
02:59 Voodoo Lounge
03:42 Orc Burrow
04:14 Watch Tower
04:36 Stronghold
05:25 Orc Burrow
06:50 Great Hall
07:07 Beastiary
07:09 Beastiary
07:21 Fortress
08:43 Orc Burrow
19:14 Great Hall
» items
| Healing Salve | 4 | |
| Scroll of Town Portal | 1 | |
| Potion of Healing | 1 | |
6 total
team 2 (loser)
KUKOMONGA (
purple | 49 APM | 1187 actions | 24:19)
6 Demon Hunter
2 Immolation
3 Evasion
1 Metamorphosis
3 Priestess of the Moon
2 Trueshot Aura
1 Searing Arrows
» actions
| Basic commands | 74 | |
| Build / train | 84 | |
| Enter build submenu | 23 | |
| Enter hero's abilities submenu | 9 | |
| Give item / drop item | 3 | |
| Right click | 608 | |
| Select / deselect | 315 | |
| Use ability | 71 | |
1187 total
» units
| Wisp | 17 | |
| Huntress | 8 | |
| Hippogryph | 25 | |
| Faerie Dragon | 3 | |
| Chimaera | 1 | |
54 total
» upgrades
| Sentinel | 1 | |
| Strength of the Wild | 3 | |
| Reinforced Hides | 3 | |
| Nature's Blessing | 1 | |
8 total
» buildings
| Moon Well | 8 | |
| Altar of Elders | 1 | |
| Hunter's Hall | 1 | |
| Ancient of War | 1 | |
| Ancient of Wonders | 1 | |
| Tree of Ages | 1 | |
| Ancient Protector | 2 | |
| Ancient of Wind | 3 | |
| Tree of Eternity | 1 | |
| Tree of Life | 1 | |
| Chimaera Roost | 3 | |
23 total
» build order
00:09 Moon Well
00:14 Altar of Elders
01:40 Hunter's Hall
01:56 Moon Well
02:05 Ancient of War
02:47 Moon Well
03:02 Ancient of Wonders
03:42 Moon Well
04:00 Tree of Ages
05:22 Ancient Protector
06:40 Ancient of Wind
07:08 Moon Well
08:35 Tree of Eternity
08:44 Tree of Life
13:08 Ancient of Wind
14:02 Chimaera Roost
14:03 Chimaera Roost
14:05 Chimaera Roost
17:00 Ancient of Wind
17:06 Moon Well
19:56 Moon Well
20:58 Moon Well
23:35 Ancient Protector
» items
| Periapt of Vitality | 1 | |
| Scroll of Town Portal | 2 | |
| Potion of Healing | 1 | |
| Orb of Venom | 1 | |
| Anti-magic Potion | 1 | |
6 total

»
ImMuLaTe (
pink | 63 APM | 1506 actions | 23:50)
7 Priestess of the Moon
3 Searing Arrows
3 Trueshot Aura
1 Starfall
» actions
| Assign group hotkey | 25 | |
| Basic commands | 28 | |
| Build / train | 66 | |
| Enter build submenu | 15 | |
| Enter hero's abilities submenu | 8 | |
| Remove unit from queue | 2 | |
| Right click | 680 | |
| Select / deselect | 257 | |
| Select group hotkey | 385 | |
| Use ability | 40 | |
1506 total
» units
» upgrades
| Strength of the Moon | 3 | |
| Ultravision | 1 | |
| Improved Bows | 1 | |
| Moon Armor | 2 | |
| Marksmanship | 1 | |
8 total
» buildings
| Altar of Elders | 1 | |
| Moon Well | 7 | |
| Ancient of War | 2 | |
| Tree of Ages | 1 | |
| Hunter's Hall | 1 | |
| Ancient of Wonders | 1 | |
| Tree of Eternity | 1 | |
14 total
» build order
00:40 Altar of Elders
01:07 Moon Well
01:27 Ancient of War
01:32 Ancient of War
02:05 Moon Well
03:04 Moon Well
04:41 Tree of Ages
04:45 Hunter's Hall
05:03 Moon Well
07:28 Ancient of Wonders
08:50 Moon Well
08:53 Moon Well
09:31 Tree of Eternity
11:37 Moon Well
» items
| Scroll of Town Portal | 3 | |
| Anti-magic Potion | 3 | |
| Orb of Venom | 1 | |
| Potion of Healing | 1 | |
8 total

»
archgods (
yellow | 63 APM | 1527 actions | 24:03)
5 Death Knight
3 Death Coil
2 Unholy Aura
3 Lich
2 Frost Nova
1 Dark Ritual
» actions
| Assign group hotkey | 60 | |
| Basic commands | 92 | |
| Build / train | 71 | |
| ESC pressed | 2 | |
| Enter build submenu | 17 | |
| Enter hero's abilities submenu | 8 | |
| Give item / drop item | 4 | |
| Remove unit from queue | 2 | |
| Right click | 382 | |
| Select / deselect | 242 | |
| Select group hotkey | 520 | |
| Use ability | 127 | |
1527 total
» units
| Acolyte | 9 | |
| Ghoul | 2 | |
| Crypt Fiend | 12 | |
| Goblin Shredder | 1 | |
| Obsidian Statue | 6 | |
| Abomination | 1 | |
31 total
» upgrades
| Creature Attack | 3 | |
| Web | 1 | |
| Destroyer Form | 1 | |
5 total
» buildings
| Altar of Darkness | 1 | |
| Ziggurat | 10 | |
| Crypt | 1 | |
| Graveyard | 1 | |
| Nerubian Tower | 3 | |
| Tomb of Relics | 1 | |
| Halls of the Dead | 1 | |
| Spirit Tower | 1 | |
| Slaughterhouse | 2 | |
| Black Citadel | 1 | |
22 total
» build order
00:11 Altar of Darkness
00:15 Ziggurat
00:53 Crypt
01:03 Graveyard
01:11 Nerubian Tower
01:31 Ziggurat
02:09 Tomb of Relics
03:57 Ziggurat
06:30 Nerubian Tower
06:35 Halls of the Dead
06:51 Ziggurat
06:53 Ziggurat
08:24 Nerubian Tower
08:26 Spirit Tower
09:43 Ziggurat
09:59 Slaughterhouse
10:00 Slaughterhouse
10:52 Black Citadel
14:40 Ziggurat
21:29 Ziggurat
21:29 Ziggurat
21:32 Ziggurat
» items
| Rod of Necromancy | 2 | |
| Scroll of Town Portal | 4 | |
| Orb of Lightning | 1 | |
| Potion of Healing | 2 | |
| Potion of Mana | 1 | |
| Scroll of Speed | 1 | |
| Potion of Lesser Invulnerability | 2 | |
| Periapt of Vitality | 2 | |
| Boots of Speed | 1 | |
| Orb of Corruption | 1 | |
17 total
ruShz (
red | 62 APM | 1470 actions | 23:38)
4 Tauren Chieftain
2 War Stomp
2 Endurance Aura
2 Shadow Hunter
1 Healing Wave
1 Hex
» actions
| Assign group hotkey | 14 | |
| Basic commands | 245 | |
| Build / train | 61 | |
| ESC pressed | 18 | |
| Enter build submenu | 36 | |
| Enter hero's abilities submenu | 7 | |
| Give item / drop item | 3 | |
| Right click | 458 | |
| Select / deselect | 416 | |
| Select group hotkey | 121 | |
| Use ability | 91 | |
1470 total
» units
| Peon | 17 | |
| Grunt | 6 | |
| Kodo Beast | 2 | |
| Troll Witch Doctor | 2 | |
| Shaman | 2 | |
| Goblin Shredder | 1 | |
| Tauren | 7 | |
37 total
» upgrades
| Shaman Training | 2 | |
| Witch Doctor Training | 2 | |
| Pulverize | 1 | |
| War Drums Damage Increase | 1 | |
6 total
» buildings
| Altar of Storms | 2 | |
| Orc Burrow | 20 | |
| Barracks | 1 | |
| Voodoo Lounge | 1 | |
| Great Hall | 2 | |
| Stronghold | 1 | |
| War Mill | 1 | |
| Fortress | 1 | |
| Spirit Lodge | 2 | |
| Beastiary | 1 | |
| Tauren Totem | 3 | |
35 total
» build order
00:14 Altar of Storms
00:19 Orc Burrow
00:43 Barracks
01:37 Orc Burrow
02:10 Voodoo Lounge
02:22 Orc Burrow
04:28 Great Hall
04:52 Stronghold
05:38 War Mill
07:18 Fortress
07:21 Spirit Lodge
07:24 Beastiary
07:28 Spirit Lodge
09:27 Orc Burrow
10:31 Tauren Totem
11:00 Tauren Totem
11:36 Orc Burrow
12:44 Orc Burrow
12:46 Orc Burrow
12:50 Orc Burrow
13:47 Orc Burrow
13:49 Orc Burrow
13:53 Orc Burrow
13:59 Orc Burrow
14:03 Orc Burrow
14:21 Orc Burrow
14:32 Orc Burrow
14:42 Orc Burrow
16:49 Orc Burrow
17:24 Tauren Totem
20:50 Orc Burrow
20:52 Orc Burrow
23:20 Great Hall
23:24 Altar of Storms
23:28 Orc Burrow
» items
| Healing Salve | 2 | |
| Lesser Clarity Potion | 1 | |
| Boots of Speed | 1 | |
| Potion of Mana | 1 | |
| Potion of Healing | 1 | |
| Orb of Lightning | 1 | |
| Scroll of Town Portal | 1 | |
8 total
Chat log
(00:10 / Allies) Hand_of_Glory: hey guys
(00:11 / Allies) Hand_of_Glory: plan?
(00:16 / Allies) brucewillisusa: DO U REALLY TK WHEN UR PINK?
(00:19 / Allies) brucewillisusa: WE DODGED A BULLET THERE
(00:24 / All) KUKOMONGA: yipeekiya mother fucker
(00:25 / All) archgods: whats the dumb point of TKing anyway?
(00:34 / All) brucewillisusa: WHATS THE POINT OF NOT TKING
(00:36 / All) brucewillisusa: -WISE SAGE
(00:38 / Allies) I_TK_WhenImPink: i played with u before brucewillis
(00:43 / Allies) I_TK_WhenImPink: and if i remember
(00:45 / Allies) I_TK_WhenImPink: u kinda suck
(00:45 / Allies) Hand_of_Glory: bruce is a hacker x10
(00:57 / Allies) I_TK_WhenImPink: LOLLOOOOL
(00:58 / All) KUKOMONGA: to tk or not to tk? that is the question
(01:03 / All) I_TK_WhenImPink: u should
(01:04 / Allies) Hand_of_Glory: I reported him like 50 times, to no avail
(01:09 / Allies) Hand_of_Glory: so I've learned to live with him
(01:13 / Allies) I_TK_WhenImPink: seriously?
(01:17 / Allies) I_TK_WhenImPink: well be glad he's on our team
(01:18 / Allies) brucewillisusa: U COULD TK ME
(01:25 / Allies) brucewillisusa: THAT WOULD TEACH ME
(01:26 / Allies) brucewillisusa: A LESSON
(01:28 / All) KUKOMONGA: the what what
(01:30 / All) KUKOMONGA: in ur butt
(01:33 / Allies) Hand_of_Glory: i'm sure it would
(01:42 / Allies) toutou666_: units?
(01:48 / Allies) Hand_of_Glory: bruce
(01:49 / Allies) I_TK_WhenImPink: ww
(01:51 / Allies) Hand_of_Glory: what are they getting
(02:02 / Allies) brucewillisusa: HUNT HUNT FIEND GRUNT
(02:06 / Allies) brucewillisusa: TC
(02:07 / Allies) brucewillisusa: FOR AURA
(02:11 / All) KUKOMONGA: my sjound is all messed u
(02:11 / Allies) brucewillisusa: MASSER STRAT
(02:14 / All) KUKOMONGA: up
(02:19 / All) KUKOMONGA: u know how to fix?
(02:29 / All) brucewillisusa: U HAVE TO RESTART
(02:32 / All) brucewillisusa: WC3 OR UR COMP
(02:36 / All) KUKOMONGA: now?
(02:42 / All) brucewillisusa: THINK SO
(02:47 / All) ImMuLaTe: lol
(03:21 / Allies) Hand_of_Glory: so they're rushing?
(03:44 / Allies) brucewillisusa: EXPOING NOW
(03:50 / Allies) I_TK_WhenImPink: wtf
(03:51 / Allies) brucewillisusa: HEADING NORTH
(07:08 / Allies) Hand_of_Glory: inc?
(07:10 / Allies) Hand_of_Glory: b
(08:07 / Allies) I_TK_WhenImPink: ...
(08:12 / Allies) brucewillisusa: GOT THE ITEM AT LEAST
(08:27 / Allies) I_TK_WhenImPink: who needs wood
(08:59 / Allies) brucewillisusa: INC
(09:07 / Allies) brucewillisusa: MASS ARCHER
(09:07 / Allies) brucewillisusa: TEBHRE
(09:11 / Allies) brucewillisusa: FIENDS
(09:17 / Allies) brucewillisusa: WE NEED SOME KIND OF AA
(09:42 / Allies) brucewillisusa: WOW
(09:43 / Allies) brucewillisusa: ITS GONNA BE
(09:45 / Allies) brucewillisusa: GRUNTS VS MASS TIER 3
(09:58 / Allies) I_TK_WhenImPink: WHO IS MASS TIER 3
(10:04 / Allies) brucewillisusa: ALL 4OF HTEM
(10:08 / Allies) I_TK_WhenImPink: FUCK
(10:23 / Allies) brucewillisusa: TP
(10:24 / Allies) brucewillisusa: LETS SAVE THIS
(10:31 / Allies) brucewillisusa: 2 LATE
(10:52 / Allies) brucewillisusa: LETS FIGHT THERE
(10:55 / Allies) brucewillisusa: THEY ARE WEAKER UP THERE
(10:57 / Allies) brucewillisusa: 4V21 THEN TP BOTTOM
(11:12 / Allies) I_TK_WhenImPink: K
(11:18 / Allies) Hand_of_Glory: b
(11:19 / Allies) Hand_of_Glory: b
(11:19 / Allies) Hand_of_Glory: b
(11:19 / Allies) Hand_of_Glory: bb
(11:19 / Allies) Hand_of_Glory: b
(11:49 / Allies) I_TK_WhenImPink: ATACK
(11:50 / Allies) I_TK_WhenImPink: ANOW
(11:51 / Allies) I_TK_WhenImPink: NOW
(11:52 / Allies) I_TK_WhenImPink: NOW
(13:21 / Allies) brucewillisusa: BACK
(13:29 / Allies) brucewillisusa: IM RAPING THE ORC
(13:29 / Allies) brucewillisusa: BACK
(14:03 / Allies) brucewillisusa: GO NOW
(14:05 / Allies) I_TK_WhenImPink: REBUILDING QUICKLY
(14:07 / Allies) I_TK_WhenImPink: NEED LUST
(14:15 / Allies) Hand_of_Glory: back up
(14:16 / Allies) toutou666_: lumber?
(14:17 / Allies) Hand_of_Glory: ima aoe
(14:35 / Allies) brucewillisusa: ALL
(15:00 / Allies) toutou666_: lumber?
(15:17 / Allies) toutou666_: thx
(15:48 / Allies) brucewillisusa: TAURENS
(15:49 / Allies) brucewillisusa: FUCKIGN GO
(16:14 / Allies) brucewillisusa: IM OUT
(16:18 / Allies) Hand_of_Glory: same
(16:35 / All) KUKOMONGA: trilla
(16:47 / Allies) I_TK_WhenImPink: DO WE NEED BATS?
(16:50 / Allies) I_TK_WhenImPink: OR WHAT
(16:52 / Allies) I_TK_WhenImPink: WE LOSING LIKE SHIT
(16:54 / Allies) brucewillisusa: NEED MORTS
(16:56 / Allies) brucewillisusa: WITH SHARDS
(16:57 / Allies) Hand_of_Glory: i'm not going caster anymore
(16:58 / Allies) brucewillisusa: THEY MASS LAND RANGE
(16:59 / Allies) Hand_of_Glory: yeah
(17:02 / Allies) Hand_of_Glory: i'm switching
(17:44 / Allies) brucewillisusa: GO
(18:13 / All) brucewillisusa: SAY SOMETHING BHIP HOP AGAIN
(18:14 / All) brucewillisusa: RETARD
(18:41 / All) brucewillisusa: "AND 1 SON
(18:42 / Allies) Hand_of_Glory: good job
(18:45 / All) brucewillisusa: "YEAH REPPIN THE UD":
(18:47 / All) brucewillisusa: "DURRr"
(18:54 / All) I_TK_WhenImPink: TRILLA
(18:57 / All) brucewillisusa: TRILLA
(19:02 / Allies) brucewillisusa: DONT HIT MAIN AGAIN
(19:03 / Allies) brucewillisusa: WAS A MISTAKE
(19:04 / Allies) brucewillisusa: LAST ITME
(19:12 / All) KUKOMONGA: pokie dough
(19:24 / All) KUKOMONGA: seats look like cookie dough
(20:04 / Allies) toutou666_: we attak?
(20:28 / Allies) Hand_of_Glory: it's ridic how hard gryphs fuck orc
(20:36 / Allies) brucewillisusa: U CAN GET ARMOR UPGRDE
(20:38 / Allies) brucewillisusa: HE WAS 2 CHEAP
(20:41 / Allies) Hand_of_Glory: lol
(20:51 / Allies) brucewillisusa: 1 VOLLEY 5 GRYPHS
(20:52 / Allies) brucewillisusa: OWNS A BURROW
(20:55 / Allies) brucewillisusa: WITH THE UPGRADE
(20:56 / Allies) brucewillisusa: ITS LIEK
(20:58 / Allies) brucewillisusa: 6 =VOLLEYS
(21:34 / Allies) brucewillisusa: LOL
(21:36 / Allies) brucewillisusa: MASS UNMOUNT
(22:00 / Allies) I_TK_WhenImPink: IM SKURRED OF THEIR HIPPS
(22:02 / Allies) I_TK_WhenImPink: PURP HAS HIPPS
(22:17 / Allies) brucewillisusa: GO
(22:19 / Allies) brucewillisusa: HE WILL WEB U
(22:20 / Allies) brucewillisusa: TO KEEP U SAFE
(22:21 / Allies) brucewillisusa: LOL
(22:29 / Allies) brucewillisusa: GOGOGOO
(22:31 / Allies) brucewillisusa: WE CAN DO IT
(22:32 / All) KUKOMONGA: trilla
(22:54 / Allies) brucewillisusa: NICE
(22:55 / Allies) brucewillisusa: ORC
(22:56 / Allies) brucewillisusa: GJ
(23:18 / All) Hand_of_Glory: gg
(23:40 / All) brucewillisusa: LOST 12 FOOD
(23:41 / All) brucewillisusa: THAT FIGHT
(23:49 / All) archgods: gg
(23:57 / Allies) toutou666_: 4
(24:02 / All) I_TK_WhenImPink: THANK GOD FOR BRUCEWILLIS HAX
(24:10 / All) Hand_of_Glory: yep
(24:13 / All) brucewillisusa: HACKERS UP
(24:17 / All) brucewillisusa: LEGIT PLAYERS DOWN
(24:17 / All) KUKOMONGA: TRILLLLAA
(24:20 / All) Hand_of_Glory: fanks brushe